 Dungeon Crawl Stone Soup version 0.23.2-33-g5129a83184 (webtiles) character file.

Game seed: 8235253344392662900

1634 Knommid the Grappler (level 8, -6/78 HPs)
             Began as a Troll Monk on July 15, 2019.
             Was an Elder of Wu Jian.
             Mangled by a gnoll sergeant
             ... wielding a +1 trident of electrocution
              (9 damage)
             ... on level 6 of the Dungeon.
             The game lasted 00:39:06 (4667 turns).

Knommid the Grappler (Troll Monk)                   Turns: 4667, Time: 00:39:06

Health: -6/78      AC:  7    Str: 22    XL:     8   Next: 66%
Magic:  7/7        EV: 12    Int: 13    God:    Wu Jian [****..]
Gold:   493        SH:  0    Dex: 12    Spells: 7/7 levels left

rFire    . . .     SeeInvis .     - Unarmed
rCold    . . .     Gourm    +   (no shield)
rNeg     . . .     Faith    .   E - +1 robe "Jaigaaf" {-Tele MR+ Int+5} (curse)
rPois    .         Spirit   .   (helmet restricted)
rElec    .         Reflect  .   (no cloak)
rCorr    .         Harm     .   (gloves unavailable)
MR       +....     Clarity  +   (boots unavailable) Stlth ++........NoTele +
                                (no amulet)
HPRegen  0.63/turn              i - ring of wizardry
MPRegen  0.10/turn              (no ring)

@: no status effects
A: large, unfitting armour, claws 3, clarity, clever 1, fast metabolism 3,
gourmand, regeneration 1, shaggy fur 1, tough skin 3, subdued magic 1
a: Wall Jump, Serpent's Lash, Renounce Religion


You were on level 6 of the Dungeon.
You worshipped Wu Jian.
Wu Jian was greatly pleased with you.
You were completely stuffed.

You visited 1 branch of the dungeon, and saw 6 of its levels.

You collected 493 gold pieces.

Inventory:

Hand Weapons
 h - a +0 antimagic trident
 k - a +0 hunting sling
 n - a +1 long sword of slicing
 q - a +0 antimagic club
 r - a +3 antimagic whip
 t - a +0 club
 x - a +0 shortbow
Missiles
 a - 18 sling bullets
 c - 266 stones
 d - 60 arrows
 e - 55 bolts
 o - 6 javelins (quivered)
 w - a throwing net
 F - 8 poisoned needles
Armour
 l - the +2 robe of Lucidity {Regen+}
   (You found it on level 4 of the Dungeon)

   It increases your rate of regeneration.
 v - a +0 robe
 z - a +0 robe
 B - a +0 robe
 C - a +0 plate armour
 E - the cursed +1 robe "Jaigaaf" (worn) {-Tele MR+ Int+5}
   (You found it on level 6 of the Dungeon)

   It affects your intelligence (+5).
   It affects your resistance to hostile enchantments.
   It prevents most forms of teleportation.
   It has a curse placed upon it.
Jewellery
 i - a ring of wizardry (left claw)
Wands
 s - a wand of acid (6)
 u - a wand of clouds (3)
Scrolls
 j - 7 scrolls of identify
 m - 2 scrolls of teleportation
 y - a scroll of fog
 A - a scroll of enchant weapon
Potions
 f - 2 potions of curing
 g - 2 potions of might
 p - 2 potions of degeneration
Comestibles
 b - 13 rations
 D - a chunk of flesh


   Skills:
 + Level 3.8 Fighting
 + Level 1.9 Maces & Flails
 + Level 0.3 Slings
 * Level 5.1 Dodging
 + Level 2.2 Stealth
 + Level 8.3 Unarmed Combat


You had 7 spell levels left.
You didn't know any spells.
Your spell library contained the following spells:

 Spells                   Type           Power        Failure   Level  Hunger
 Magic Dart               Conj           #...         11%         1    ##.....
 Searing Ray              Conj           #.....       16%         2    ###....
 Dazzling Spray           Conj/Hex       #.....       32%         3    ####...
 Force Lance              Conj/Tloc      #.......     71%         4    #####..
 Fulminant Prism          Conj/Hex       #.........   71%         4    #####..
 Iskenderun's Mystic Bla  Conj           #.......     71%         4    #####..


Dungeon Overview and Level Annotations

Branches:
Dungeon (6/15)
 Temple: D:4-7

Altars:
Dithmenos
Fedhas
Kikubaaqudgha
Qazlal
Ru
Trog
Wu Jian
Zin

Annotations:
D:6 1 transporter, topfpfpflanze's ghost, novice GnAr


Innate Abilities, Weirdness & Mutations

You are too large for most types of armour.
You have claws for hands.
Your metabolism is lightning-fast.
You like to eat raw meat.
Your natural rate of healing is unusually fast.
You are covered in fur. (AC +1)
You have extremely tough skin. (AC +3)
You possess an exceptional clarity of mind.
Your mind is acute. (Int +2)
Your spells are a little easier to cast, but a little less powerful.


Message History

Topfpfpflanze's ghost hits you but does no damage.
The gnoll closely misses you.
The gnoll zaps a wand.
The puff of flame hits you but does no damage.
The gnoll sergeant hits you with a +1 trident of electrocution!
* * * LOW HITPOINT WARNING * * *
The gnoll sergeant barely misses you.
You feel better.
Topfpfpflanze's ghost hits you but does no damage.
The gnoll hits you from afar with a +0 spear.
* * * LOW HITPOINT WARNING * * *
The gnoll barely misses you. The gnoll sergeant barely misses you.
The gnoll sergeant hits you from afar with a +0 spear.
* * * LOW HITPOINT WARNING * * *
You feel better. Topfpfpflanze's ghost hits you!
* * * LOW HITPOINT WARNING * * *
x2 The gnoll hits you but does no damage.
The gnoll barely misses you.
The gnoll sergeant hits you from afar with a +0 spear.
* * * LOW HITPOINT WARNING * * *
The gnoll sergeant hits you from afar with a +1 trident of electrocution!
You die...

......##.≈≈.#g.#[:W#..#.≈≈.##....
......##.≈≈.##g#####.##.≈≈.......
......+......#g#8⌠8#.#..≈≈.......
......#.[...§#.'.©.'.#©.≈≈.......
#...###......#.#...#.#..≈≈.......
....# #..≈≈.##.##.##.##.≈≈.##+###
....###..≈≈.#..#gg.#..#.≈≈..#..##
....'....≈≈.##.#ggg#.##.≈≈[.+....
#...####.≈≈..#.#@..#.#..≈≈.)##..#
#...#....≈≈###.##'##.###≈≈..###.#
#...#....≈≈#...gW.g....#≈≈).# #.#
....#....≈≈#8.###.###.8#≈≈).###..
....'....≈≈#..#8###8#..#≈≈.)...#.
....#....≈≈####.....####≈≈.....#.
....####.≈≈≈≈≈≈≈≈≈≈≈≈≈≈≈≈≈.....).
.........≈≈≈≈≈≈≈≈≈≈≈≈≈≈≈≈≈.#...##
..#............................##


You could see 2 gnoll sergeants and 4 gnolls.

Vanquished Creatures
  3 eyes of draining (D:4)
  An ice beast (D:5)
  3 ogres
  A centaur (D:5)
  2 bullfrogs (D:6)
  A wyvern skeleton (D:6)
  A howler monkey (D:4)
  2 bullfrog zombies (D:5)
  2 crimson imps
  An orc priest (D:6)
  3 hounds
  2 centaur skeletons (D:6)
  An iguana (D:4)
  2 orc wizards
  Natasha (thrice) (D:4)
  A worker ant (D:6)
  4 gnolls
  11 adders
  A shadow imp (D:6)
  An adder skeleton (D:6)
  2 worms (D:2)
  5 dart slugs
  17 orcs
  A ball python (D:1)
  5 bats
  4 giant cockroaches
  6 hobgoblins
  4 jackals (D:3)
  2 quokkas
  8 frilled lizards
  3 goblins
  2 jackal skeletons
  9 kobolds
  A leopard gecko skeleton (D:4)
  9 rats
124 creatures vanquished.

Vanquished Creatures (others)
  6 plants (D:6)
6 creatures vanquished.

Grand Total: 130 creatures vanquished

Notes
Turn   | Place    | Note
-------+----------+-------------------------------------------
     0 | D:1      | Knommid the Troll Monk began the quest for the Orb.
     0 | D:1      | Reached XP level 1. HP: 22/22 MP: 0/0
    98 | D:1      | Reached XP level 2. HP: 29/29 MP: 1/1
   340 | D:1      | Reached XP level 3. HP: 36/36 MP: 2/2
   871 | D:2      | Found an ornate altar of the Wu Jian Council.
   880 | D:2      | Became a worshipper of the Wu Jian Council
   880 | D:2      | Reached * piety under Wu Jian
   880 | D:2      | Reached ** piety under Wu Jian
   931 | D:2      | Found a shadowy altar of Dithmenos.
   949 | D:2      | Found a faded altar of an unknown god.
   980 | D:2      | Found an ancient bone altar of Kikubaaqudgha.
   981 | D:2      | Found a blossoming altar of Fedhas.
  1034 | D:2      | Found a stormy altar of Qazlal.
  1159 | D:2      | Found a glowing silver altar of Zin.
  1285 | D:3      | Reached XP level 4. HP: 41/45 MP: 3/3
  1423 | D:3      | Reached skill level 4 in Unarmed Combat
  1548 | D:3      | Found a sacrificial altar of Ru.
  1569 | D:3      | Reached XP level 5. HP: 53/53 MP: 4/4
  1846 | D:4      | Noticed Natasha
  1852 | D:4      | Killed Natasha
  1995 | D:4      | Reached *** piety under Wu Jian
  2051 | D:4      | Noticed Natasha
  2053 | D:4      | Killed Natasha
  2053 | D:4      | Reached skill level 5 in Unarmed Combat
  2168 | D:4      | Noticed Natasha
  2180 | D:4      | Killed Natasha
  2180 | D:4      | Reached XP level 6. HP: 48/61 MP: 5/5
  2181 | D:4      | Found a bloodstained altar of Trog.
  2267 | D:4      | Reached skill level 6 in Unarmed Combat
  2267 | D:4      | Reached XP level 7. HP: 67/67 MP: 0/6
  2521 | D:4      | Got a heavily jewelled robe
  2532 | D:4      | Identified the +2 robe of Lucidity {Regen+} (You found it
                  | on level 4 of the Dungeon)
  2905 | D:5      | Entered Level 5 of the Dungeon
  3239 | D:5      | Reached skill level 1 in Maces & Flails
  3239 | D:5      | Reached skill level 7 in Unarmed Combat
  3390 | D:5      | Reached XP level 8. HP: 75/75 MP: 7/7
  3927 | D:6      | Got a distressingly furry robe
  3938 | D:6      | Identified the cursed +1 robe "Jaigaaf" {-Tele MR+ Int+5}
                  | (You found it on level 6 of the Dungeon)
  3940 | D:6      | Gained mutation: Your flesh is heat resistant. (rF+)
                  | [potion of mutation]
  3940 | D:6      | Gained mutation: You are frail. (-10% HP) [potion of
                  | mutation]
  3940 | D:6      | Gained mutation: Your spells are a little harder to cast,
                  | but a little more powerful. [potion of mutation]
  3940 | D:6      | Gained mutation: You possess an exceptional clarity of
                  | mind. [potion of mutation]
  3951 | D:6      | Noticed topfpfpflanze's ghost (novice GnAr)
  4086 | D:6      | Lost mutation: Your spells are a little harder to cast, but
                  | a little more powerful. [potion of mutation]
  4086 | D:6      | Lost mutation: Your flesh is heat resistant. (rF+) [potion
                  | of mutation]
  4086 | D:6      | Lost mutation: You are frail. (-10% HP) [potion of
                  | mutation]
  4086 | D:6      | Gained mutation: Your spells are a little easier to cast,
                  | but a little less powerful. [potion of mutation]
  4086 | D:6      | Gained mutation: Your mind is acute. (Int +2) [potion of
                  | mutation]
  4335 | D:6      | Reached skill level 5 in Dodging
  4335 | D:6      | Reached skill level 8 in Unarmed Combat
  4446 | D:6      | Reached **** piety under Wu Jian
  4569 | D:6      | Found a transporter.
  4573 | D:6      | Found a transporter.
  4666 | D:6      | HP: 2/78 [gnoll sergeant/+0 spear (4)]
  4667 | D:6      | Mangled by a gnoll sergeant

Skill      XL: |  1  2  3  4  5  6  7  8 |
---------------+-------------------------+-----
Dodging        | 3 4 5 |  5.1
Fighting       | 3 |  3.8
Unarmed Combat | 4 5 6 7 8 |  8.3
Maces & Flails | 1 |  1.9
Stealth        | 2 |  2.2
Slings         | |  0.3

Action                   |  1- 3 |  4- 6 |  7- 9 || total
-------------------------+-------+-------+-------++-------
Melee: Unarmed           |    88 |   128 |   126 ||   342
       Punch             |     1 |     2 |     5 ||     8
       Club              |       |       |    24 ||    24
 Fire: Hunting sling     |     5 |       |       ||     5
Throw: Javelin           |       |       |     1 ||     1
Invok: Lunge             |     3 |    13 |    10 ||    26
       Serpent's Lash    |       |       |     1 ||     1
 Abil: Wall Jump         |       |     1 |     1 ||     2
  Use: Potion            |     1 |     6 |     7 ||    14
       Scroll            |       |     6 |     3 ||     9
 Stab: Paralysed         |       |     1 |       ||     1
       Sleeping          |       |       |     3 ||     3
       Distracted        |       |       |     1 ||     1
  Eat: Chunk             |    15 |    11 |    22 ||    48
Armor: Robe              |    25 |    34 |    45 ||   104
Dodge: Dodged            |    34 |    62 |   100 ||   196
